 Dungeon Sprint DCSS version 0.22-a0-414-gacd343e (webtiles) character file.

6629 raistware the Shatterer (level 10, -10/91 HPs)
             Began as a Minotaur Abyssal Knight on May 13, 2018.
             Was the Champion of Lugonu.
             Mangled by a catoblepas (12 damage)
             ... in the Dungeon (Sprint IX: "|||||||||||||||||||||||||||||").
             The game lasted 00:08:57 (1235 turns).

raistware the Shatterer (Minotaur Abyssal Knight)   Turns: 1235, Time: 00:08:58

Health: -10/91     AC: 13    Str: 21    XL:     10   Next: 72%
Magic:  10/10      EV:  2    Int:  9    God:    Lugonu [******]
Gold:   29         SH:  0    Dex: 12    Spells: 9/9 levels left

rFire    . . .     SeeInvis .   n - +4 dire flail (crush)
rCold    . . .     Gourm    .   (shield currently unavailable)
rNeg     + + +     Faith    .   r - +2 ring mail
rPois    ∞         Spirit   .   (helmet unavailable)
rElec    .         Reflect  .   o - +0 cloak
rCorr    .         Harm     .   (no gloves)
MR       .....     NoTele   +   (no boots)
Stlth    +.........             (no amulet)
HPRegen  0.25/turn              p - +2 ring of protection
MPRegen  0.12/turn              q - +3 ring of dexterity

@: petrified, very slightly contaminated, invisible
A: retaliatory headbutt, horns 3, blurry vision 1, shaggy fur 1, MP-powered
wands
a: Bend Space, Banish, Corrupt, Brand Weapon With Distortion, Renounce Religion


You were in the Dungeon.
You worshipped Lugonu.
Lugonu was exalted by your worship.
You were very hungry.

You visited 1 branch You collected 29 gold pieces.

Inventory:

Hand Weapons
 n - a +4 dire flail of crushing (weapon)
Armour
 h - a +0 buckler
 o - a +0 cloak (worn)
 r - a +2 ring mail (worn)
Jewellery
 p - a +2 ring of protection (left hand)
 q - a +3 ring of dexterity (right hand)
Wands
 m - a wand of acid (10)
Scrolls
 i - 2 scrolls of blinking
 k - 4 scrolls of remove curse
 l - 2 scrolls of amnesia
 t - 2 scrolls of fear
Potions
 b - a potion of resistance
 d - 5 potions of curing
 g - 4 potions of magic
Comestibles
 c - a ration


   Skills:
 + Level 9.2 Fighting
 - Level 21.5 Maces & Flails
 + Level 9.2 Armour
 - Level 14.0 Dodging
 - Level 1.7 Invocations


You had 9 spell levels left.
You didn't know any spells.
Your spell library was empty.

Dungeon Overview and Level Annotations

Branches:
Dungeon (1/1)

Altars:
Cheibriados
Dithmenos
Elyvilon
Fedhas
Gozag
Hepliaklqana
Kikubaaqudgha
Makhleb
Nemelex Xobeh
Okawaru
Qazlal
Ru
Sif Muna
Trog
Uskayaw
Vehumet
Wu Jian
Xom
Yredelemnul
Zin
The Shining One
Beogh
Jiyva
Lugonu


Innate Abilities, Weirdness & Mutations

You reflexively headbutt those who attack you in melee.
You have a pair of large horns on your head.
Scrolls take you a little longer to read.
You are covered in fur. (AC +1)
You expend magic power (3 MP) to strengthen your wands.


Message History

The yak bellows!
You have turned to stone.
The yak bellows!
The catoblepas gores you!!
* * * LOW HITPOINT WARNING * * *
The catoblepas gores you!!
* * * LOW HITPOINT WARNING * * *
The yak bellows!
The catoblepas gores you.
* * * LOW HITPOINT WARNING * * *
The yak bellows!
The catoblepas breathes a plume of calcifying dust at you.
The blast of calcifying dust hits you!
You are feeling very hungry.
The catoblepas gores you!
* * * LOW HITPOINT WARNING * * *
The yak bellows!
The catoblepas snuffles in challenge.
The catoblepas gores you!!
You die...

▓▓▓▓▓▓▓▓▓▓▓▓▓▓▓▓▓▓▓▓▓▓▓▓▓▓▓▓▓▓▓▓▓
..'...........§§@Y.YYYY.Y.†.†Y.YY
▓▓▓▓▓▓▓▓▓▓▓▓▓▓▓▓▓▓▓▓▓▓▓▓▓▓▓▓▓▓▓▓▓
.................................
▓▓▓▓▓▓▓▓▓▓▓▓▓▓▓▓▓▓▓▓▓▓▓▓▓▓▓▓▓▓▓▓▓
)÷...†.....'_____________________
▓▓▓▓▓▓▓▓▓▓▓▓▓▓▓▓▓▓▓▓▓▓▓▓▓▓▓▓▓▓▓▓▓


You could see a death yak, a catoblepas and 3 yaks.

Vanquished Creatures
  2 hydras (D)
  3 death yaks (D)
  3 komodo dragons (D)
  A rime drake (D)
  A troll (D)
  2 hippogriffs (D)
  A blink frog (D)
  A shadow (D)
  A yak (D)
  A water moccasin (D)
  An orc warrior (D)
  A porcupine (D)
  An ice beast (D)
  A phantom (D)
  An ogre (D)
  3 centaurs (D)
  A crocodile (D)
  5 bullfrogs (D)
  A gnoll sergeant (D)
  A crimson imp (D)
  A jelly (D)
  An iguana (D)
  An adder (D)
  A dart slug (D)
  A bat (D)
  2 bat skeletons (D)
  A hobgoblin (D)
  A quokka (D)
  2 rats (D)
43 creatures vanquished.

Notes
Turn   | Place    | Note
-------+----------+-------------------------------------------
     0 | D        | raistware the Minotaur Abyssal Knight began the quest for the Orb.
     0 | D        | Reached XP level 1. HP: 19/19 MP: 1/1
     5 | D        | Reached skill level 3 in Maces & Flails
     6 | D        | Reached ** piety under Lugonu
    10 | D        | Reached skill level 4 in Maces & Flails
    14 | D        | Reached skill level 5 in Maces & Flails
   153 | D        | Noticed a gnoll sergeant
   153 | D        | Noticed an ice beast
   155 | D        | Reached skill level 6 in Maces & Flails
   155 | D        | Reached XP level 2. HP: 26/26 MP: 2/2
   157 | D        | Reached *** piety under Lugonu
   199 | D        | Killed a gnoll sergeant
   199 | D        | Reached skill level 10 in Maces & Flails
   199 | D        | Reached XP level 3. HP: 31/31 MP: 3/3
   199 | D        | Reached XP level 4. HP: 39/39 MP: 4/4
   201 | D        | Killed an ice beast
   201 | D        | Reached skill level 12 in Maces & Flails
   201 | D        | Reached XP level 5. HP: 45/45 MP: 5/5
   216 | D        | Found a roughly hewn altar of Beogh.
   216 | D        | Found a snail-covered altar of Cheibriados.
   216 | D        | Found a shadowy altar of Dithmenos.
   216 | D        | Found a white marble altar of Elyvilon.
   216 | D        | Found a blossoming altar of Fedhas.
   216 | D        | Found an opulent altar of Gozag.
   217 | D        | Found a hazy altar of Hepliaklqana.
   218 | D        | Found a viscous altar of Jiyva.
   219 | D        | Found an ancient bone altar of Kikubaaqudgha.
   220 | D        | Found a corrupted altar of Lugonu.
   221 | D        | Found a burning altar of Makhleb.
   222 | D        | Found a sparkling altar of Nemelex Xobeh.
   223 | D        | Found an iron altar of Okawaru.
   224 | D        | Found a stormy altar of Qazlal.
   225 | D        | Found a sacrificial altar of Ru.
   226 | D        | Found a deep blue altar of Sif Muna.
   227 | D        | Found a bloodstained altar of Trog.
   228 | D        | Found a hide-covered altar of Uskayaw.
   229 | D        | Found a radiant altar of Vehumet.
   230 | D        | Found an ornate altar of the Wu Jian Council.
   231 | D        | Found a shimmering altar of Xom.
   232 | D        | Found a basalt altar of Yredelemnul.
   233 | D        | Found a glowing silver altar of Zin.
   234 | D        | Found a glowing golden altar of the Shining One.
   285 | D        | Noticed a phantom
   285 | D        | Noticed an orc warrior
   285 | D        | Noticed a centaur
   285 | D        | Noticed a centaur
   285 | D        | Noticed a troll
   287 | D        | Reached **** piety under Lugonu
   287 | D        | Reached skill level 13 in Maces & Flails
   295 | D        | Killed a phantom
   295 | D        | Reached skill level 14 in Maces & Flails
   295 | D        | Reached XP level 6. HP: 51/51 MP: 6/6
   301 | D        | Killed an orc warrior
   301 | D        | Reached skill level 15 in Maces & Flails
   305 | D        | Reached skill level 16 in Maces & Flails
   308 | D        | Reached ***** piety under Lugonu
   308 | D        | Reached XP level 7. HP: 30/57 MP: 7/7
   313 | D        | Killed a troll
   313 | D        | Reached skill level 18 in Maces & Flails
   499 | D        | Noticed a shadow
   508 | D        | Killed a shadow
   508 | D        | Reached skill level 19 in Maces & Flails
   511 | D        | Reached XP level 8. HP: 53/64 MP: 8/8
   692 | D        | Noticed a hippogriff
   692 | D        | Noticed a blink frog
   692 | D        | Noticed a hippogriff
   696 | D        | Killed a blink frog
   696 | D        | Reached skill level 20 in Maces & Flails
   704 | D        | Killed a hippogriff
   704 | D        | Reached ****** piety under Lugonu
   711 | D        | Killed a hippogriff
   711 | D        | Reached skill level 21 in Maces & Flails
   713 | D        | Noticed a six-headed hydra
   714 | D        | Reached XP level 9. HP: 38/70 MP: 9/9
   732 | D        | Killed a six-headed hydra
   755 | D        | Noticed a komodo dragon
   755 | D        | Noticed a six-headed hydra
   755 | D        | Noticed a rime drake
   755 | D        | Noticed a komodo dragon
   763 | D        | Killed a komodo dragon
   763 | D        | Reached skill level 10 in Dodging
   768 | D        | Killed a six-headed hydra
   770 | D        | Noticed a komodo dragon
   772 | D        | Reached XP level 10. HP: 67/77 MP: 10/10
   890 | D        | Noticed a death yak
   890 | D        | Noticed a death yak
   890 | D        | Noticed a death yak
   890 | D        | Noticed a catoblepas
   895 | D        | Killed a death yak
  1211 | D        | Gained mutation: You are somewhat resistant to further mutation. [potion of mutation]
  1212 | D        | Lost mutation: You are somewhat resistant to further mutation. [potion of mutation]
  1212 | D        | Gained mutation: You occasionally shout uncontrollably at your foes. [potion of mutation]
  1212 | D        | Gained mutation: You have a somewhat thin skeletal structure. (Dex +2, Stealth) [potion of mutation]
  1212 | D        | Gained mutation: You are covered in fur. (AC +1) [potion of mutation]
  1213 | D        | Lost mutation: You occasionally shout uncontrollably at your foes. [potion of mutation]
  1213 | D        | Gained mutation: Your body sometimes deteriorates upon taking damage. [potion of mutation]
  1213 | D        | Gained mutation: You are agile. (Dex +2) [potion of mutation]
  1214 | D        | Lost mutation: You are agile. (Dex +2) [potion of mutation]
  1214 | D        | Lost mutation: Your body sometimes deteriorates upon taking damage. [potion of mutation]
  1214 | D        | Lost mutation: You have a somewhat thin skeletal structure. (Dex +2, Stealth) [potion of mutation]
  1214 | D        | Gained mutation: You expend magic power (3 MP) to strengthen your wands. [potion of mutation]
  1214 | D        | Gained mutation: Scrolls take you a little longer to read. [potion of mutation]
  1214 | D        | Gained mutation: You have a pair of large horns on your head. [potion of mutation]
  1215 | D        | Noticed a death yak
  1222 | D        | Killed a death yak
  1225 | D        | Killed a death yak
  1234 | D        | HP: 2/91 [catoblepas (6)]
  1235 | D        | Mangled by a catoblepas

Vault maps used:
D:        linesprint

Skill      XL: |  1  2  3  4  5  6  7  8  9 10 |
---------------+-------------------------------+-----
Maces & Flails | 6 10 12 14 16 19 21 | 21.5
Dodging        | 12 14 | 14.0
Armour         | 9 |  9.2
Fighting       | 9 |  9.2
Invocations    | |  1.7

Action                   |  1- 3 |  4- 6 |  7- 9 | 10-12 || total
-------------------------+-------+-------+-------+-------++-------
Melee: Mace              |    15 |     2 |       |       ||    17
       Headbutt          |     4 |     9 |     9 |    13 ||    35
       Dire flail        |       |    19 |    66 |    34 ||   119
  Use: Potion            |     1 |       |     4 |     6 ||    11
       Scroll            |       |       |       |     3 ||     3
 Stab: Invisible         |       |       |       |     2 ||     2
Armor: Leather armour    |     2 |       |       |       ||     2
       Ring mail         |       |     2 |    11 |     2 ||    15
Dodge: Dodged            |     6 |     9 |    35 |     8 ||    58

Table legend:
 A = Spawn XP
 B = Non-spawn XP
 C = Spawn XP percentage of total XP
 D = Spawn monster count
 E = Non-spawn monster count
 F = Spawn count percentage of total count
 G = Total turns spent on level
                    A         B        C        D         E        F      G
               +---------+---------+-------+---------+---------+-------+---------
         Total |       0 |    9471 |   0.0 |       0 |      43 |   0.0 |  1235
               +---------+---------+-------+---------+---------+-------+---------
             D |       0 |    9471 |   0.0 |       0 |      43 |   0.0 |  1235
               +---------+---------+-------+---------+---------+-------+---------
